AoeStats
← Inquisidor

Lombardia

509424625Analyzed
3v3 RM · 5d ago on Sep 26, 2026· 16m 23s· 6 players
Game mode
Random Map
Map size
Normal (6 player)
Population
200
Speed
Normal
Resources
Standard
Victory
Conquest
Starting age
Dark Age
Ending age
Imperial Age
RankedLock teamsTeams togetherTeam positionsShared explorationLock speedFull tech treeHidden civsTurbo modeCheats
Victory
Defeat
🇲🇽 Saracens · Mexico
1103
+13
🇳🇴 Franks · Norway
1092
+37
1017
+18
🇺🇸 Koreans · United States
1093
-17
🇲🇽 Spanish · Mexico
1044
-15
🇲🇽 Byzantines · Mexico
992
-13
Inquisidor
0:30 Loom
12:29 Feudal Age
BigOleChunguss
3:41 Loom
11:26 Feudal Age
14:18 Fletching
panadero democratico
0:40 Loom
13:32 Feudal Age
GodlySiege
7:59 Loom
10:01 Feudal Age
10:50 Double-Bit Axe
12:05 Scale Barding Armor
12:11 Forging
42 aldeanos fueron a lo del tano
6:36 Loom
9:44 Feudal Age
oOoOo_oO
7:52 Loom
10:09 Feudal Age
10:40 Double-Bit Axe
14:06 Town Watch
Connection lost

Rejoining the realm…

Still unreachable

The connection could not be restored.

Session expired

The server has moved on; the page needs a fresh start.